 Dungeon Crawl Stone Soup version 0.28-a0-823-gb444dcf96d (console) character file.

Game seed: 15982424556356535980

220 petzl the Sneak (level 5, -1/35 HPs)
             Began as an Octopode Arcane Marksman on Nov 9, 2021.
             Frozen to death by an endoplasm (3 damage)
             ... on level 4 of the Dungeon.
             The game lasted 00:16:13 (3887 turns).

petzl the Sneak (Octopode Arcane Marksman)          Turns: 3887, Time: 00:16:14

Health: -1/35      AC:  1    Str: 10    XL:     5   Next: 97%
Magic:  7/8        EV: 13    Int: 16    God:
Gold:   146        SH:  0    Dex: 12    Spells: 7/8 levels left

rFire   + . .      SeeInvis .   b - +0 short sword
rCold   . . .      Faith    .   (no shield)
rNeg    . . .      Spirit   .   (helmet restricted)
rPois   .          Reflect  .   (no amulet)
rElec   .          Harm     .   q - ring of protection from fire
rCorr   .          Rampage  .   (no ring)
Will    .....                   (no ring)
Stlth   +++.......              (no ring)
HPRegen 0.11/turn               (no ring)
MPRegen 0.11/turn               (no ring)
                                (no ring)
                                (no ring)

@: no status effects
A: almost no armour, amphibious, 8 rings, camouflage 1, gelatinous body 1,
(nimble swimmer 1), tentacles
a: no special abilities


You were on level 4 of the Dungeon.
You visited 1 branch of the dungeon, and saw 5 of its levels.

You collected 146 gold pieces.

Inventory:

Hand Weapons
 a - a +1 hand crossbow
 b - a +0 short sword (weapon)
 k - a +0 dagger {!f =f}
Missiles
 c - 11 bolts
 i - 13 poisoned darts (quivered)
 j - 3 boomerangs
Jewellery
 h - an amulet of reflection
 m - an amulet of guardian spirit
 q - a ring of protection from fire (left tentacle)
Wands
 l - a wand of flame (17)
Scrolls
 e - a scroll of enchant weapon
 f - 3 scrolls of identify {unknown}
 g - a scroll of torment {unknown}
 n - 2 scrolls of amnesia {unknown}
Potions
 d - a potion of curing {unknown}
 o - a potion of heal wounds {unknown}
 p - a potion of lignification {unknown}


   Skills:
 + Level 2.5 Fighting
 + Level 3.1 Crossbows
 + Level 3.2 Dodging
 + Level 3.3 Stealth
 + Level 2.3 Spellcasting
 - Level 3.0 Hexes


You had 7 spell levels left.
You knew the following spells:

 Your Spells              Type           Power      Damage    Failure   Level
a - Slow                  Hex            44%        N/A       6%          1

Your spell library contained the following spells:

 Spells                   Type           Power      Damage    Failure   Level
 Inner Flame              Hex/Fire       6%         N/A       32%         3
 Portal Projectile        Hex/Tloc       12%        N/A       32%         3
 Cause Fear               Hex            5%         N/A       52%         4


Dungeon Overview and Level Annotations

Branches:
Dungeon (5/15)
 Temple: D:4-7

Altars:

Shops:
D:4 (

Portals:
Ossuary: D:5

Annotations:
D:1 exclusion: downstairs
D:2 Sigmund
D:3 2 transporters, exclusion: upstairs, sojurn's ghost, weakling DgFi


Innate Abilities, Weirdness & Mutations

You cannot wear most types of armour.
You are amphibious.
You can wear up to eight rings at the same time.
Your skin changes colour to match your surroundings (Stealth+).
Your rubbery body absorbs attacks. (AC +1, EV +1)
((You are camouflaged near water. (Stealth+)))
You have tentacles for arms and can constrict up to eight enemies at once.


Message History

Press: ? - help, Shift-Dir - straight line, f/p - orc priest
Aim: an orc priest, wielding a +0 club (chance to affect: 47%)
You miscast Slow.
You are very lightly contaminated with residual magic.
Nothing appears to happen.
An orc comes into view. It is wielding a +0 hand axe.
A black bear comes into view.
You see here 10 gold pieces.
Found 12 gold pieces.
The orc priest invokes the aid of Beogh against you.
Pain shoots through your body!
The orc wizard hits you with a +0 dagger.
Your magical contamination has completely faded away.
There is a stone staircase leading up here.
The orc priest barely misses you.
You climb upwards.
The endoplasm quivers.
Found a scroll labelled UCO CEITYOFE.
There is a stone staircase leading down here.
You barely miss the orc priest. Your grab misses the orc priest.
The orc priest closely misses you. The endoplasm freezes you.
You are frozen.
The orc priest hits you with a +0 club.
You barely miss the orc priest. Your grab misses the orc priest.
The endoplasm freezes you.
You are frozen.
The orc priest invokes the aid of Beogh against you.
Pain shoots through your body!
* * * LOW HITPOINT WARNING * * *
Unknown command.
Okay, then.
Unknown command.
Unknown command.
Unknown command.
Unknown command.
You hit the orc priest but do no damage.
You grab the orc priest. You constrict the orc priest.
The endoplasm freezes you.
You are frozen.
You die...

#.. #.. #.. #..
###.. #?...
###...o#######.
......J@.......
###.....#######
#.....# ##....#
#....# #....#
#....# #....#


You could see an orc priest and an endoplasm.

Vanquished Creatures
  A howler monkey (D:5)
  A hound (D:5)
  Robin (D:2)
  3 gnolls (D:3)
  2 adders (D:3)
  An adder skeleton (D:4)
  A worm (D:2)
  A dart slug (D:1)
  4 orcs (D:3)
  5 bats
  8 endoplasms
  A giant cockroach (D:2)
  12 goblins
  5 hobgoblins
  7 jackals (D:1)
  4 quokkas
  8 ball pythons
  5 frilled lizards
  6 kobolds
  4 rats
80 creatures vanquished.

Notes
Turn   | Place    | Note
-------+----------+-------------------------------------------
     0 | D:1      | petzl the Octopode Arcane Marksman began the quest for the
                  | Orb.
     0 | D:1      | Reached XP level 1. HP: 13/13 MP: 2/2
   333 | D:1      | Reached XP level 2. HP: 18/18 MP: 3/3
   403 | D:1      | Reached skill level 1 in Stealth
   553 | D:1      | Reached XP level 3. HP: 23/23 MP: 5/5
  1457 | D:2      | Noticed Robin
  1723 | D:2      | Reached XP level 4. HP: 7/29 MP: 6/6
  2095 | D:2      | Found a faded altar of an unknown god.
  2177 | D:2      | Killed Robin
  2426 | D:2      | Noticed a black bear
  2732 | D:2      | Noticed Sigmund
  2909 | D:3      | Found a transporter.
  2929 | D:3      | Found a transporter.
  2944 | D:3      | Noticed sojurn's ghost (weakling DgFi)
  3191 | D:3      | Reached XP level 5. HP: 24/34 MP: 7/7
  3707 | D:4      | Found Foacipiy's Weapon Shop.
  3759 | D:4      | Noticed an ogre
  3769 | D:5      | Entered Level 5 of the Dungeon
  3842 | D:5      | Found a sand-covered staircase.
  3874 | D:5      | Noticed a black bear
  3887 | D:4      | Frozen to death by an endoplasm

Illustrated notes

Levels and vault maps discovered:
D:1:      dpeg_chamrin_arrival_tetris, layout_basic, glass_columns_b
D:2:      layout_loops_ring, basic_ecumenical_altar, minmay_vboxes, uniq_robin,
          uniq_sigmund
D:3:      layout_loops_ring, gammafunk_ghost_stat_death,
          uniq_crazy_yiuf_cottage, uniq_ijyb, uniq_grinder
D:4:      layout_basic, minmay_temple_entry_tees, serial_shops,
          nicolae_stop_n_shop_2, uniq_blork_the_orc
D:5:      layout_loops_corners, mainiacjoe_overflow_big_doors,
          nicolae_ossuary_entry_ruins, hangedman_abyss_or_decor_stagger

Skill      XL: |  1  2  3  4  5 |
---------------+----------------+-----
Stealth        | 1 2 3 |  3.3
Fighting       | 2 |  2.5
Spellcasting   | 2 |  2.3
Dodging        | 3 |  3.2
Crossbows      | 3 |  3.1
Hexes          | |  3.0

Action                   |  1- 3 |  4- 6 || total
-------------------------+-------+-------++-------
Melee: Short sword       |    31 |    56 ||    87
       Dagger            |    23 |       ||    23
       Unarmed           |    16 |       ||    16
       Constrict         |    15 |    14 ||    29
       Tentacles         |     7 |    17 ||    24
 Fire: Hand crossbow     |    53 |    31 ||    84
Throw: Dart              |       |    18 ||    18
 Cast: Slow              |       |    16 ||    16
  Use: Scroll            |       |     1 ||     1
 Stab: Sleeping          |     6 |     1 ||     7
Armor: Skin              |     9 |     3 ||    12
Dodge: Dodged            |    70 |    40 ||   110

Table legend: (Time is in decaauts)
 A = Elapsed time spent in this place.
 B = Non-inter-level travel time spent in this place.
 C = Inter-level travel time spent in this place.
 D = Time resting spent in this place.
 E = Time spent auto-exploring this place.
 F = Levels seen in this place.
 G = Mean time per level.
                   A        B        C        D        E       F      G
               +--------+--------+--------+--------+--------+-----+--------+
         Total |   3923 |   3689 |    234 |   1405 |   1153 |   5 |  784.6 |
       Dungeon |   3923 |   3689 |    234 |   1405 |   1153 |   5 |  784.6 |
               +--------+--------+--------+--------+--------+-----+--------+

Top non-repeatable levels by time:
     D:1: 1642 daAuts
     D:3: 1080 daAuts
     D:2: 1019 daAuts
     D:5: 115 daAuts
     D:4: 66 daAuts
